 Dungeon Crawl Stone Soup version 0.16.0-11-gd45b091 (webtiles) character file.

668 eeldvark the Sneak (level 7, -5/32 HPs)
             Began as a Spriggan Artificer on Mar 17, 2015.
             Was a Believer of Nemelex Xobeh.
             Hit by a tomahawk thrown by an orc warrior (16 damage)
             ... on level 6 of the Dungeon.
             The game lasted 00:22:23 (5425 turns).

eeldvark the Sneak (Spriggan Artificer)             Turns: 5425, Time: 00:22:26

Health: -5/32      AC:  7    Str: 17    XL:     7   Next: 32%
Magic:  18/18      EV: 22    Int: 13    God:    Nemelex Xobeh [**....]
Gold:   25         SH:  0    Dex: 19    Spells: 0 memorised, 6 levels left

rFire  . . .     SeeInvis +     a - +0 short sword
rCold  . . .     Clarity  .     e - +0 robe
rNeg   . . .     SustAb   .     (shield restricted)
rPois  .         Gourm    .     (helmet restricted)
rElec  .         Spirit   .     (no cloak)
rCorr  .         Warding  .     (gloves unavailable)
rMut   .         Stasis   .     (boots unavailable)
MR     +....                    (no amulet)
Stlth  +++++.....               L - +5 ring of protection
                                C - ring of stealth

@: immense fortitude, very quick, somewhat resistant to hostile enchantments,
quite stealthy
A: unfitting armour, see invisible, herbivore 3, speed 3, slow metabolism 2
a: Renounce Religion


You were on level 6 of the Dungeon.
You worshipped Nemelex Xobeh.
Nemelex Xobeh was pleased with you.
You were not hungry.

You visited 1 branch of the dungeon, and saw 6 of its levels.

You collected 265 gold pieces.
You spent 240 gold pieces at shops.

Inventory:

Hand weapons
 a - a +0 short sword (weapon)
 b - a +0 hunting sling
Missiles
 j - 32 sling bullets
 K - 10 poisoned needles
Armour
 e - a +0 robe (worn)
Jewellery
 C - a ring of stealth (left hand)
 J - a +6 ring of intelligence
 L - a +5 ring of protection (right hand)
Magical devices
 c - a wand of enslavement (15)
 d - a wand of random effects (11)
 n - a wand of flame (4)
 D - a wand of disintegration (13)
 G - a wand of fire (9)
Scrolls
 g - 3 scrolls of enchant armour
 h - 3 scrolls of recharging {unknown}
 i - a scroll of fear {unknown}
 l - 3 scrolls of immolation {unknown}
 m - 3 scrolls of enchant weapon
 p - 5 scrolls of amnesia {unknown}
 r - 3 scrolls of identify
 s - a scroll of noise {unknown}
 t - 4 scrolls of remove curse {unknown}
 u - 2 scrolls of teleportation
 B - 2 scrolls of blinking {unknown}
Potions
 k - 2 potions of brilliance {unknown}
 o - 2 potions of might
 q - 4 potions of restore abilities
 v - a potion of ambrosia {unknown}
 w - 3 potions of curing
 x - 3 potions of cancellation
 z - 4 potions of lignification {unknown}
 F - a potion of cure mutation {unknown}
 H - a potion of flight {unknown}
Miscellaneous
 y - a plain deck of escape {drawn: 4}
 A - a plain deck of war {drawn: 10}
 E - a plain deck of war
 I - a plain deck of war
Comestibles
 f - 2 bread rations


   Skills:
 - Level 0.7 Fighting
 * Level 6.4 Short Blades
 + Level 5.9 Dodging
 + Level 6.4 Stealth
 - Level 4.0 Evocations


You had 6 spell levels left.
You didn't know any spells.

Dungeon Overview and Level Annotations

Branches:
Dungeon (6/15)             Temple (0/1) D:5

Altars:
Kikubaaqudgha
Nemelex Xobeh
Okawaru
Trog

Shops:
D:5 ?

Annotations:
D:5 dysrexia's ghost, experienced TeBe


Innate Abilities, Weirdness & Mutations

You are tiny and cannot use many weapons and most armour.
You have supernaturally acute eyesight.
You are a herbivore.
You cover ground extremely quickly.
You need consume almost no food.


Message History

You are filled with a great fortitude.
Evoke which item? (* to show all) (? for menu, Esc to quit)
Zapping:
n - a wand of flame (5)
Press: ? - help, Shift-Dir - straight line, f - orc warrior
Aim: an orc warrior, wielding a glaive and wearing a chain mail (moderately wounded)
The puff of flame hits the orc warrior.
The orc warrior is moderately wounded.
This wand has 4 charges left.
The orc warrior throws a tomahawk.
The tomahawk barely misses you.
Evoke which item? (* to show all) (? for menu, Esc to quit)
Zapping:
d - a wand of random effects (12)
Press: ? - help, Shift-Dir - straight line, f/p - orc warrior
Aim: an orc warrior, wielding a glaive and wearing a chain mail (moderately wounded)
The puff of flame hits the orc warrior.
The orc warrior appears unharmed.
The orc warrior is moderately wounded.
This wand has 11 charges left.
The orc warrior throws a tomahawk.
The tomahawk hits you!
Ouch! That really hurt!
You die...
Your body disappears without a glow.

#...............
#..#.#.#.####..c
###.#.#.#+#.#....
#...#..........##.
#(#......<........
#.#.#...........##
#.#.#..†..........
#)#.#.........###
####@#.#.........#
#......#........##
#.##.###.......##
# #.# #######.#
#o# .# ... .# ###
.#


You could see an orc warrior.

Vanquished Creatures
  2 ogres (D:5)
  A giant frog (D:6)
  A scorpion (D:4)
  A giant frog skeleton (D:3)
  An orc priest (D:6)
  An iguana (D:3)
  A gnoll (D:1)
  A giant mite (D:1)
  5 adders
  2 worms (D:2)
  A shadow imp (D:6)
  An adder zombie (D:5)
  4 orcs
  9 bats
  15 hobgoblins
  6 jackals (D:2)
  15 kobolds
  2 quokkas (D:3)
  4 giant cockroaches
  2 giant geckos
  4 giant newts
  7 goblins
  A quokka skeleton (D:5)
  18 rats
105 creatures vanquished.

Vanquished Creatures (collateral kills)
  2 ogres (D:4)
  A giant frog skeleton (D:5)
  A kobold (D:4)
4 creatures vanquished.

Grand Total: 109 creatures vanquished

Notes
Turn   | Place    | Note
--------------------------------------------------------------
     0 | D:1      | eeldvark, the Spriggan Artificer, began the quest for the Orb.
     0 | D:1      | Reached XP level 1. HP: 9/9 MP: 2/2
   335 | D:1      | Reached XP level 2. HP: 12/14 MP: 5/5
   881 | D:1      | Reached XP level 3. HP: 17/17 MP: 8/8
  1499 | D:2      | Found a bloodstained altar of Trog.
  2122 | D:2      | Reached XP level 4. HP: 21/21 MP: 10/10
  2923 | D:3      | Reached XP level 5. HP: 25/25 MP: 13/13
  3352 | D:3      | Found a sparkling altar of Nemelex Xobeh.
  3357 | D:3      | Became a worshipper of Nemelex Xobeh the Trickster
  3487 | D:3      | Received a gift from Nemelex Xobeh
  3824 | D:4      | Noticed an ogre
  3832 | D:4      | Killed an ogre
  3921 | D:4      | Reached skill level 5 in Short Blades
  3921 | D:4      | Reached skill level 5 in Stealth
  3921 | D:4      | Reached XP level 6. HP: 29/29 MP: 16/16
  4118 | D:4      | Noticed an ogre
  4129 | D:4      | Killed an ogre
  4396 | D:5      | Entered Level 5 of the Dungeon
  4417 | D:5      | Found an ancient bone altar of Kikubaaqudgha.
  4483 | D:5      | Received a gift from Nemelex Xobeh
  4573 | D:5      | Reached skill level 5 in Dodging
  4584 | D:5      | Reached skill level 6 in Stealth
  4584 | D:5      | Reached XP level 7. HP: 32/32 MP: 18/18
  4611 | D:5      | Noticed dysrexia's ghost (experienced TeBe)
  4706 | D:5      | Found an iron altar of Okawaru.
  4816 | D:5      | Received a gift from Nemelex Xobeh
  5036 | D:5      | Found a staircase to the Ecumenical Temple.
  5298 | D:5      | Found Waabeata's Magic Scroll Emporium.
  5306 | D:5      | Bought a scroll of teleportation for 36 gold pieces
  5306 | D:5      | Bought a scroll of enchant weapon for 90 gold pieces
  5306 | D:5      | Bought a scroll of identify for 24 gold pieces
  5306 | D:5      | Bought a scroll of enchant armour for 90 gold pieces
  5425 | D:6      | Hit by a tomahawk thrown by an orc warrior

Action                   |  1- 3 |  4- 6 |  7- 9 || total
-------------------------+-------+-------+-------++-------
Melee: Short sword       |   111 |   140 |    40 ||   291
 Fire: Hunting sling     |     3 |    17 |       ||    20
Evoke: Wand              |    10 |     3 |     2 ||    15
       Deck              |       |     9 |     5 ||    14
  Use: Potion            |       |     4 |       ||     4
 Stab: Sleeping          |     2 |     4 |     5 ||    11
  Eat: Bread ration      |       |     1 |       ||     1
